 Dungeon Sprint DCSS version 0.29-a0-194-g6e3aafee17 (webtiles) character file.

Game seed: 14585190189831163545

1285 Zeldest the Grappler (level 8, -8/89 HPs)
             Began as a Troll Transmuter on Feb 22, 2022.
             Was a Priest of Cheibriados.
             Mangled by a catoblepas (12 damage)
             ... while petrified by a catoblepas
             ... in the Dungeon (Sprint IX: "|||||||||||||||||||||||||||||").
             The game lasted 00:02:03 (141 turns).

Zeldest the Grappler (Troll Transmuter)              Turns: 141, Time: 00:02:04

Health: -8/89      AC:  4    Str: 31    XL:     8   Next: 29%
Magic:  9/10       EV:  1    Int: 16    God:    Cheibriados [***...]
Gold:   0          SH:  0    Dex: 20    Spells: 11/12 levels left

rFire   . . .      SeeInvis .     - Unarmed
rCold   . . .      Faith    .   (no shield)
rNeg    + + +      Spirit   .   a - +0 robe
rPois   ∞          Reflect  .   (helmet currently unavailable)
rElec   .          Harm     .   (no cloak)
rCorr   .          Rampage  .   (gloves unavailable)
Will    .....      NoTele   +   (boots unavailable)
Stlth   ++........              (no amulet)
HPRegen 1.04/turn               i - +3 ring of strength
MPRegen 0.12/turn               j - +3 ring of dexterity

@: lethally poisoned (-8 -> -8), appendages, petrified, very slow
A: horns 2, talons 2, large, unfitting armour, claws 3, regeneration 1, shaggy
fur 1, tough skin 1
a: End Transformation, Renounce Religion, Bend Time, Temporal Distortion


You were in the Dungeon.
You worshipped Cheibriados.
Cheibriados was most pleased with you.
You had temporarily grown beastly horns and talons.
You visited 1 branch

Inventory:

Armour
 a - a +0 robe (worn)
Jewellery
 i - a +3 ring of strength (left claw)
 j - a +3 ring of dexterity (right claw)
Wands
 h - a wand of iceblast (7)
Scrolls
 f - 2 scrolls of amnesia
Potions
 b - 2 potions of curing
 e - 4 potions of magic


   Skills:
 + Level 8.7 Fighting
 - Level 3.3 Dodging
 + Level 10.7 Unarmed Combat
 - Level 2.5 Spellcasting
 + Level 8.1 Transmutations


You had 11 spell levels left.
You knew the following spells:

 Your Spells              Type           Power      Damage    Failure   Level
a - Beastly Appendage     Tmut           54%        N/A       1%          1

Your spell library contained the following spells:

 Spells                   Type           Power      Damage    Failure   Level
 Wereblood                Tmut           27%        N/A       1%          2
 Spider Form              Tmut/Pois      14%        N/A       11%         3
 Ice Form                 Ice/Tmut       14%        N/A       36%         4


Dungeon Overview and Level Annotations

Branches:
Dungeon (1/1)

Altars:
Cheibriados
Dithmenos
Elyvilon
Fedhas
Gozag
Hepliaklqana
Kikubaaqudgha
Makhleb
Nemelex Xobeh
Okawaru
Qazlal
Ru
Sif Muna
Trog
Uskayaw
Vehumet
Wu Jian
Xom
Yredelemnul
Zin
The Shining One
Beogh
Jiyva
Lugonu


Innate Abilities, Weirdness & Mutations

You have temporarily grown beastly horns and talons.
You are immune to poison.
You are too large for most types of armour.
You have claws for hands.
Your natural rate of healing is unusually fast.
You are covered in fur. (AC +1)
You have tough skin. (AC +1)


Message History

Okay, then.
You catch the helpless catoblepas completely off-guard!
You claw the catoblepas! You claw the catoblepas.
The catoblepas is heavily wounded.
You flicker back into view.
You feel sick.
The catoblepas breathes a plume of calcifying dust at you.
The blast of calcifying dust hits you.
* * * LOW HITPOINT WARNING * * *
You scratch the catoblepas but do no damage.
You claw the catoblepas.
The catoblepas is heavily wounded.
You are engulfed in calcifying dust.
You are slowing down.
You feel sick.
The catoblepas gores you but does no damage.
Blink to where?
Press: ? - help, Dir - move target
As you read the scroll of blinking, it crumbles to dust.
You are engulfed in calcifying dust.
Your limbs have turned to stone.
You feel sick.
You have turned to stone.
You are engulfed in calcifying dust.
A harpy comes into view.
The harpy is engulfed in calcifying dust.
The harpy is moving more slowly.
The catoblepas gores you.
* * * LOW HITPOINT WARNING * * *
The harpy is engulfed in calcifying dust.
The harpy stops moving altogether!
The catoblepas gores you. x2
* * * LOW HITPOINT WARNING * * *
The catoblepas gores you!!
* * * LOW HITPOINT WARNING * * *
The catoblepas breathes a plume of calcifying dust at you.
The blast of calcifying dust hits you.
* * * LOW HITPOINT WARNING * * *
You are engulfed in calcifying dust.
The catoblepas breathes a plume of calcifying dust at you.
The blast of calcifying dust hits you.
You are engulfed in calcifying dust.
The catoblepas gores you!!
You die... ▓▓▓▓▓▓▓▓▓▓▓▓▓▓▓▓▓▓▓▓▓▓▓▓▓▓ .T..T9CHY@§§.'..[[[.)..'__ ▓▓▓▓▓▓▓▓▓▓▓▓▓▓▓▓▓▓▓▓▓▓▓▓▓▓

You could see a catoblepas, a cyclops, a harpy (petrified), a troll and a gargoyle.

Vanquished Creatures
  A two-headed ogre (D)
  A komodo dragon (D)
  A meliai (D)
  An ice beast (D)
  A scorpion (D)
  A hound (D)
  An orc wizard (D)
  An adder (D)
  An adder zombie (D)
  An adder skeleton (D)
  A bat zombie (D)
  2 giant cockroaches (D)
  2 goblins (D)
  A quokka zombie (D)
  A rat (D)
17 creatures vanquished.

Notes
Turn   | Place    | Note
-------+----------+-------------------------------------------
     0 | D        | Zeldest the Troll Transmuter began the quest for the Orb.
     0 | D        | Reached XP level 1. HP: 18/18 MP: 1/1
     8 | D        | Reached skill level 1 in Fighting
    22 | D        | Noticed an ice beast
    22 | D        | Noticed a hound
    22 | D        | Noticed a scorpion
    26 | D        | Reached XP level 2. HP: 28/28 MP: 0/3
    27 | D        | Killed a scorpion
    28 | D        | Reached skill level 4 in Unarmed Combat
    28 | D        | Reached XP level 3. HP: 36/36 MP: 0/5
    28 | D        | Reached XP level 4. HP: 44/44 MP: 0/6
    32 | D        | Reached skill level 5 in Unarmed Combat
    35 | D        | Killed an ice beast
    36 | D        | Reached skill level 6 in Unarmed Combat
    36 | D        | Reached XP level 5. HP: 55/55 MP: 1/7
    41 | D        | Found a snail-covered altar of Cheibriados.
    41 | D        | Found a shadowy altar of Dithmenos.
    41 | D        | Found a white marble altar of Elyvilon.
    41 | D        | Found a blossoming altar of Fedhas.
    41 | D        | Found an opulent altar of Gozag.
    42 | D        | Found a hazy altar of Hepliaklqana.
    43 | D        | Found a viscous altar of Jiyva.
    44 | D        | Found an ancient bone altar of Kikubaaqudgha.
    45 | D        | Became a worshipper of Cheibriados the Contemplative
    46 | D        | Found a corrupted altar of Lugonu.
    47 | D        | Found a burning altar of Makhleb.
    48 | D        | Found a sparkling altar of Nemelex Xobeh.
    49 | D        | Found an iron altar of Okawaru.
    50 | D        | Found a stormy altar of Qazlal.
    51 | D        | Found a sacrificial altar of Ru.
    52 | D        | Found a shimmering blue altar of Sif Muna.
    53 | D        | Found a bloodstained altar of Trog.
    54 | D        | Found a hide-covered altar of Uskayaw.
    55 | D        | Found a radiant altar of Vehumet.
    56 | D        | Found an ornate altar of the Wu Jian Council.
    57 | D        | Found a shimmering altar of Xom.
    58 | D        | Found a basalt altar of Yredelemnul.
    59 | D        | Found a glowing silver altar of Zin.
    60 | D        | Found a glowing golden altar of the Shining One.
    86 | D        | Noticed a two-headed ogre
    86 | D        | Noticed a komodo dragon
   105 | D        | Killed a komodo dragon
   106 | D        | Reached skill level 8 in Unarmed Combat
   106 | D        | Reached XP level 6. HP: 28/68 MP: 8/8
   114 | D        | Reached * piety under Cheibriados
   118 | D        | Killed a two-headed ogre
   118 | D        | Reached ** piety under Cheibriados
   119 | D        | Reached skill level 10 in Unarmed Combat
   119 | D        | Reached XP level 7. HP: 50/81 MP: 7/9
   119 | D        | Reached XP level 8. HP: 55/89 MP: 7/10
   124 | D        | Noticed a troll
   124 | D        | Noticed a gargoyle
   124 | D        | Noticed a cyclops
   124 | D        | Noticed a cane toad
   124 | D        | Noticed a meliai
   124 | D        | Noticed a catoblepas
   130 | D        | Killed a meliai
   130 | D        | Reached *** piety under Cheibriados
   134 | D        | Noticed a harpy
   138 | D        | HP: 2/89 [catoblepas (14)]
   141 | D        | Mangled by a catoblepas

Illustrated notes

Levels and vault maps discovered:
D:        linesprint [early_d, line_temple, items_1, d_10, items_2, lair_1,
          lair_end, items_3, orc_1, orc_end, items_4, d_15, swamp_1, shoals_1,
          snake_1, spider_1, d_20, vaults_1, items_5, swamp_end, shoals_end,
          snake_end, spider_end, vaults_end, d_27, items_6, zot_1, zot_end,
          crypt_end, forest_end, elf_end, slime_end, tomb_end, abyss_end,
          pan_hell_end]

Skill      XL: |  1  2  3  4  5  6  7  8 |
---------------+-------------------------+-----
Fighting       | 1 2 4 6 8 |  8.7
Dodging        | 2 3 |  3.3
Transmutations | 2 3 4 6 7 8 |  8.1
Unarmed Combat | 4 6 8 10 | 10.7
Spellcasting   | 2 |  2.5

Action                   |  1- 3 |  4- 6 |  7- 9 || total
-------------------------+-------+-------+-------++-------
Melee: Unarmed           |    12 |    27 |     8 ||    47
       Kick              |     4 |     6 |     3 ||    13
       Headbutt          |       |     3 |       ||     3
       Punch             |       |     1 |       ||     1
 Cast: Beastly Appendage |     2 |     2 |     1 ||     5
Evoke: Wand              |       |     2 |     1 ||     3
  Use: Potion            |     2 |     7 |       ||     9
       Scroll            |       |     1 |     1 ||     2
 Stab: Invisible         |       |     2 |     1 ||     3
Armor: Robe              |     2 |     1 |     2 ||     5
Dodge: Dodged            |     1 |    11 |     5 ||    17

Table legend: (Time is in decaauts)
 A = Elapsed time spent in this place.
 B = Non-inter-level travel time spent in this place.
 C = Inter-level travel time spent in this place.
 D = Time resting spent in this place.
 E = Time spent auto-exploring this place.
 F = Levels seen in this place.
 G = Mean time per level.
                   A        B        C        D        E       F      G
               +--------+--------+--------+--------+--------+-----+--------+
         Total |    139 |    139 |      0 |      0 |      0 |   1 |  139.0 |
       Dungeon |    139 |    139 |      0 |      0 |      0 |   1 |  139.0 |
               +--------+--------+--------+--------+--------+-----+--------+

Top non-repeatable levels by time:
       D: 139 daAuts
